 Dungeon Crawl Stone Soup version 0.30.1-4-g462c640d31 (webtiles) character file.

Game seed: 12525696267077548248

8 hawla the Firebug (level 2, -7/20 HPs)
             Began as a Meteoran Fire Elementalist on Aug 26, 2023.
             Mangled by an iguana (8 damage)
             ... on level 4 of the Dungeon.
             The game lasted 00:01:09 (105 turns).

hawla the Firebug (Meteoran Fire Elementalist)       Turns: 105, Time: 00:01:10

Health: -7/20      AC:  2    Str:  9    XL:     2   Next: 29%
Magic:  0/6        EV: 12    Int: 16    God:
Gold:   26         SH:  0    Dex: 14    Spells: 3/6 levels left

rFire   . . .        e - +0 mace
rCold   . . .        (no shield)
rNeg    . . .        a - +0 robe
rPois   .            (no helmet)
rElec   .            (no cloak)
rCorr   .            (no gloves)
SInv    .            (no boots)
Will    .....        (no amulet)
Stlth   +            (no ring)
HPRegen 0.23/turn    (no ring)
MPRegen 0.10/turn

%: no passive effects
@: glowing
A: sense surroundings 1, otherworldly, glowing, explore regen
a: no special abilities


You were on level 4 of the Dungeon.
You visited 1 branch of the dungeon, and saw 4 of its levels.

You collected 26 gold pieces.

Inventory:

Hand Weapons
 e - a +0 mace (weapon)
Armour
 a - a +0 robe (worn)
Scrolls
 c - 2 scrolls of identify {unknown}
 d - a scroll of fog {unknown}
 f - a scroll of teleportation {unknown}
Potions
 b - a potion of magic


   Skills:
 + Level 2.5 Dodging
 - Level 1.4 Stealth
 + Level 2.9 Spellcasting
 + Level 1.2 Conjurations
 + Level 4.1 Fire Magic


You had 3 spell levels left.
You knew the following spells:

 Your Spells              Type           Power      Damage    Failure   Level
a - Foxfire               Conj/Fire      44%        2x1d6     6%          1
b - Scorch                Fire           30%        2d6       5%          2

Your spell library contained the following spells:

 Spells                   Type           Power      Damage    Failure   Level
 Slow                     Hex            8%         N/A       19%         1
 Inner Flame              Hex/Fire       8%         N/A       24%         3
 Volatile Blastmotes      Fire/Tloc      16%        2d11      24%         3
 Confusing Touch          Hex            2%         N/A       50%         3
 Vampiric Draining        Necr           2%         2d6       50%         3
 Flame Wave               Conj/Fire      11%        2d6       52%         4


Dungeon Overview and Level Annotations

Branches:
Dungeon (4/15) Zot: 2295
 Temple: D:4-7

Altars:


Innate Abilities, Weirdness & Mutations

You passively map a small area around you.
You are easily found by Zot.
You glow in the dark.
You regain HP and MP as you explore.


Message History

The endoplasm freezes you.
You are frozen.
Casting: Foxfire (safe; 6% risk of failure)
Confirm with . or Enter, or press ? or * to list all spells.
Flames lash the endoplasm.
You kill the endoplasm!
The foxfire hits the iguana.
The iguana is lightly wounded.
The foxfire hits the iguana but does no damage.
The iguana is lightly wounded.
Casting: Scorch (safe; 5% risk of failure)
Confirm with . or Enter, or press ? or * to list all spells.
You conjure some foxfire!
The iguana bites you.
Casting: Foxfire (safe; 6% risk of failure)
Confirm with . or Enter, or press ? or * to list all spells.
Flames lash the iguana.
The iguana is heavily wounded.
The iguana's fire resistance burns away.
You hear a shout!
You hear an angry hiss.
The foxfire hits the scorpion.
The scorpion is lightly wounded.
The foxfire hits the scorpion.
The scorpion is lightly wounded.
The scorpion completely misses you.
A goblin comes into view. It is wielding a +0 club.
The iguana bites you.
Casting: Scorch (safe; 5% risk of failure)
Confirm with . or Enter, or press ? or * to list all spells.
You conjure some foxfire!
The scorpion stings you. The iguana bites you.
* * * LOW HITPOINT WARNING * * *
The scorpion stings you.
* * * LOW HITPOINT WARNING * * *
The foxfire hits the goblin.
The goblin is moderately wounded.
The foxfire hits the iguana.
The iguana is burned terribly!
The iguana is almost dead.
The scorpion stings you.
* * * LOW HITPOINT WARNING * * *
The iguana bites you!
You die...

, , ,
#....# * ,
, .....# *
, *#####
#....# * ,
#....
#....#
,....#....#
, >.#....#
*, * ,,
#gls..# ,
,, * *
#.@...#
#.....# ,
#.........
#....$....
##....#...,
###### .. +
* * ,


You could see a scorpion, an iguana (combustible) and a goblin.

Vanquished Creatures
  A worm (D:2)
  2 endoplasms
  A goblin (D:2)
  A rat (D:2)
5 creatures vanquished.

Vanquished Creatures (others)
  22 foxfires
22 creatures vanquished.

Grand Total: 27 creatures vanquished

Notes
Turn   | Place    | Note
-------+----------+-------------------------------------------
     0 | D:1      | hawla the Meteoran Fire Elementalist began the quest for
                  | the Orb.
     0 | D:1      | Reached XP level 1. HP: 14/14 MP: 5/5
    24 | D:2      | Reached skill level 4 in Fire Magic
    24 | D:2      | Reached XP level 2. HP: 20/20 MP: 1/6
    98 | D:3      | Learned a level 2 spell: Scorch
    99 | D:4      | Noticed a scorpion
   105 | D:4      | HP: 1/20 [scorpion (2)]
   105 | D:4      | Mangled by an iguana

Illustrated notes

Levels and vault maps discovered:
D:1:      co_arrival_two_rings, layout_loops_corners,
          chequers_ecumenical_altar_simple_redux, grunt_decor_mini_mirrors,
          chequers_serial_rivers_room_a
D:2:      layout_basic, minmay_misc_feat_ornament,
          amcnicky_mini_rare_corridor_liquid, uniq_crazy_yiuf_cottage
D:3:      layout_basic, lemuel_crystal_altar, grunt_gozag_statues
D:4:      layout_gridville, nicolae_dithmenos_through_a_glass_darkly,
          mainiacjoe_overflow_small_starburst, uniq_pikel, uniq_robin

Skill      XL: |  1 |
---------------+----+-----
Fire Magic     | 4 |  4.1
Dodging        | |  2.5
Stealth        | |  1.4
Spellcasting   | |  2.9
Conjurations   | |  1.2

Action                     || total
---------------------------++-------
   Cast: Foxfire           ||    12
         Scorch            ||     2
  Dodge: Dodged            ||     1
